 Dungeon Crawl Stone Soup version 0.23.2-33-g5129a83184 (webtiles) character file.

Game seed: 15934596834507036595

621 Descartes the Insei (level 7, -5/35 HPs)
             Began as a Vine Stalker Transmuter on July 25, 2019.
             Was an Initiate of Dithmenos.
             Slain by Menkaure (13 damage)
             ... on level 5 of the Dungeon.
             The game lasted 00:10:06 (4156 turns).

Descartes the Insei (Vine Stalker Transmuter)       Turns: 4156, Time: 00:10:06

Health: -5/35      AC:  5    Str: 14    XL:     7   Next: 46%
Magic:  0/13       EV: 12    Int: 13    God:    Dithmenos [......]
Gold:   268        SH:  0    Dex: 15    Spells: 8/12 levels left

rFire    . . .     SeeInvis .   G - +0 quarterstaff (drain)
rCold    . . .     Gourm    .   (shield currently unavailable)
rNeg     . . .     Faith    .   x - +0 leather armour
rPois    .         Spirit   +   (no helmet)
rElec    .         Reflect  .   c - +0 cloak
rCorr    .         Harm     .   (no gloves)
MR       +....                  z - +0 pair of boots
Stlth    ++........             (no amulet)
HPRegen  0.51/turn              g - ring of protection from magic
MPRegen  0.13/turn              (no ring)

@: appendage (expiring)
A: fangs 2, horns 2, regeneration 1, magic shield, antimagic bite, no potion
heal 3, rot immunity
a: End Transformation, Renounce Religion


You were on level 5 of the Dungeon.
You worshipped Dithmenos.
Dithmenos was noncommittal.
You were not hungry.
You had grown temporary horns.
You visited 1 branch of the dungeon, and saw 5 of its levels.

You collected 268 gold pieces.

Inventory:

Hand Weapons
 l - a +0 whip of electrocution
 p - a +0 hunting sling
 E - a +4 whip
 G - a +0 quarterstaff of draining (weapon)
 H - a +0 rapier
Missiles
 a - 26 arrows
 k - 105 stones (quivered)
 m - 25 bolts
 q - 30 sling bullets
 u - 15 poisoned needles
 w - 10 tomahawks
Armour
 c - a +0 cloak (worn)
 x - a +0 leather armour (worn)
 z - a +0 pair of boots (worn)
 B - a +0 plate armour
Jewellery
 g - a ring of protection from magic (left hand)
Wands
 b - a wand of disintegration (16)
 y - a wand of iceblast (6)
Scrolls
 e - 10 scrolls of remove curse {unknown}
 f - 2 scrolls of blinking {unknown}
 h - a scroll of enchant weapon {unknown}
 i - 4 scrolls of amnesia {unknown}
 n - 2 scrolls of identify {unknown}
 o - 3 scrolls of teleportation {unknown}
 r - a scroll of immolation {unknown}
 v - a scroll of random uselessness {unknown}
 A - a scroll of fog {unknown}
 I - a scroll of enchant armour {unknown}
Potions
 j - a potion of heal wounds {unknown}
 s - a potion of might {unknown}
 t - 3 potions of curing {unknown}
 C - a potion of agility {unknown}
 D - a potion of brilliance {unknown}
Comestibles
 d - 16 rations
 F - a chunk of flesh


   Skills:
 + Level 2.5 Fighting
 + Level 2.6 Dodging
 + Level 3.1 Stealth
 * Level 4.9 Unarmed Combat
 + Level 3.4 Spellcasting
 + Level 1.3 Hexes
 * Level 4.1 Transmutations


You had 8 spell levels left.
You knew the following spells:

 Your Spells              Type           Power        Failure   Level  Hunger
a - Beastly Appendage     Tmut           ##....       5%          1    #......
b - Sticks to Snakes      Tmut           ##......     8%          2    ##.....
c - Confusing Touch       Hex            #.....       16%         1    #......

Your spell library contained the following spells:

 Spells                   Type           Power        Failure   Level  Hunger
 Animate Skeleton         Necr           N/A          28%         1    #......
 Apportation              Tloc           #.....       28%         1    #......
 Summon Small Mammal      Summ           #...         28%         1    #......
 Spider Form              Tmut/Pois      #.........   36%         3    ###....
 Ice Form                 Ice/Tmut       #.......     77%         4    #####..
 Blade Hands              Tmut           ##........   82%         5    ######.


Dungeon Overview and Level Annotations

Branches:
Dungeon (5/15)
 Temple: D:4-7

Altars:
Ashenzari
Dithmenos
Kikubaaqudgha
Ru
Trog

Annotations:
D:5 Menkaure


Innate Abilities, Weirdness & Mutations

You have extremely sharp teeth.
Your natural rate of healing is unusually fast.
When hurt, damage is shared between your health and your magic reserves.
Your bite disrupts and absorbs the magic of your enemies.
Potions cannot restore your health.
You are immune to rotting.
You have a pair of horns on your head.


Message History

Menkaure shouts!
Menkaure mumbles some strange words.
Menkaure seems to speed up.
You barely miss Menkaure.
Menkaure calls on the powers of darkness!
Your body is wracked with pain!
Menkaure hits you!
You barely miss Menkaure. Your bite misses Menkaure. Menkaure hits you.
Menkaure calls on the powers of darkness!
Your body is wracked with pain!
You hit Menkaure. You bite Menkaure, but do no damage.
Menkaure is lightly damaged.
Your transformation is almost over.
Menkaure points at you and mumbles some strange words.
Pain shoots through your body!
* * * LOW HITPOINT WARNING * * *
You barely miss Menkaure. You bite Menkaure.
Menkaure's magic leaks into the air.
You drain his magic.
You feel invigorated.
Menkaure is moderately damaged.
Menkaure hits you!!
You die...

#.........#.≈PP≈P≈≈≈≈≈≈###..
##.....#....≈≈≈PP≈P≈≈≈≈##...
#...###..#.≈≈≈≈≈PP≈≈≈≈##...
#...#..###.P.P.....≈PP##...
########.....###?................
PPP#.###......##.................
≈≈≈......##...##..#..........####
PPP..........##.M#..........##.#.
PPP...#......#..@#.........#.....
PP....#......#...................
P...........##...##......#)#.....
P..#........#....######...####...
P#.#............## ##....##....
.........)......## ##..#.....#..
#.#......)...)<..# #...###......
####.............# ##.## #..##..
##.............## ##..###...##.


You could see Menkaure.

Vanquished Creatures
  Sigmund (D:5)
  Eustachio (D:4)
  A phantom (D:5)
  A hound (D:4)
  An orc priest (D:4)
  2 worker ant zombies (D:5)
  5 adders
  An adder skeleton (D:4)
  6 worms
  3 dart slugs
  2 leopard geckos
  10 orcs
  A ball python (D:2)
  4 giant cockroaches
  5 goblins
  3 hobgoblins
  7 jackals
  A quokka (D:2)
  6 bats
  5 frilled lizards
  6 kobolds
  14 rats
86 creatures vanquished.

Notes
Turn   | Place    | Note
-------+----------+-------------------------------------------
     0 | D:1      | Descartes the Vine Stalker Transmuter began the quest for
                  | the Orb.
     0 | D:1      | Reached XP level 1. HP: 9/9 MP: 4/4
   138 | D:1      | Reached skill level 1 in Fighting
   144 | D:1      | Reached XP level 2. HP: 2/14 MP: 4/6
  1008 | D:1      | Reached XP level 3. HP: 18/18 MP: 5/7
  1013 | D:1      | Reached skill level 1 in Stealth
  1639 | D:2      | Found a sacrificial altar of Ru.
  1905 | D:2      | Noticed a moth of wrath
  1908 | D:2      | Found a bloodstained altar of Trog.
  1936 | D:2      | Gained mutation: Your natural rate of healing is unusually
                  | fast. [Vine Stalker growth]
  1936 | D:2      | Reached XP level 4. HP: 7/22 MP: 3/8
  2692 | D:3      | Found a shadowy altar of Dithmenos.
  2692 | D:3      | Found a shattered altar of Ashenzari.
  2698 | D:3      | Became a worshipper of Dithmenos the Shadowed
  2793 | D:4      | Reached XP level 5. HP: 25/25 MP: 10/10
  3589 | D:5      | Entered Level 5 of the Dungeon
  3663 | D:5      | Reached XP level 6. HP: 23/30 MP: 8/11
  3670 | D:5      | Learned a level 2 spell: Sticks to Snakes
  3672 | D:5      | Learned a level 1 spell: Confusing Touch
  3681 | D:5      | Noticed a phantom
  3683 | D:5      | Noticed Menkaure
  3806 | D:5      | Noticed Eustachio
  3847 | D:4      | Killed Eustachio
  3907 | D:5      | Found an ancient bone altar of Kikubaaqudgha.
  4023 | D:5      | Killed a phantom
  4023 | D:5      | Reached skill level 1 in Hexes
  4023 | D:5      | Reached XP level 7. HP: 27/35 MP: 8/12
  4066 | D:5      | Noticed Sigmund
  4076 | D:5      | Killed Sigmund
  4156 | D:5      | Slain by Menkaure

Skill      XL: |  1  2  3  4  5  6  7 |
---------------+----------------------+-----
Fighting       | 1 2 |  2.5
Stealth        | 1 2 3 |  3.1
Dodging        | 2 |  2.6
Transmutations | 3 4 |  4.1
Unarmed Combat | 4 |  4.9
Spellcasting   | 3 |  3.4
Hexes          | 1 |  1.3

Action                   |  1- 3 |  4- 6 |  7- 9 || total
-------------------------+-------+-------+-------++-------
Melee: Unarmed           |    64 |       |       ||    64
       Bite              |    16 |    46 |     5 ||    67
       Headbutt          |     5 |     9 |       ||    14
       Punch             |     1 |     1 |       ||     2
       Kick              |     2 |     3 |       ||     5
       Whip              |    38 |   109 |       ||   147
       Quarterstaff      |       |    66 |    11 ||    77
 Cast: Beastly Appendage |    17 |    11 |     2 ||    30
 Stab: Sleeping          |     3 |     1 |       ||     4
  Eat: Chunk             |     4 |     6 |     1 ||    11
Armor: Robe              |    14 |    21 |       ||    35
       Leather armour    |       |    21 |     1 ||    22
Dodge: Dodged            |    53 |   110 |     4 ||   167
